AoeStats
← M1nerUA

QS Arena

503649284Analyzed
3v3 RM · 1mo ago on Sep 1, 2026· 54m 11s· 6 players
Game mode
Random Map
Map size
Normal (6 player)
Population
200
Speed
Normal
Resources
Standard
Victory
Conquest
Starting age
Dark Age
Ending age
Imperial Age
RankedLock teamsTeams togetherTeam positionsShared explorationLock speedFull tech treeHidden civsTurbo modeCheats
Victory
Defeat
🇮🇳 Magyars · India
799
+25
🇪🇸 Britons · Spain
768
+17
🇨🇱 Mapuche · Chile
727
+19
🇺🇸 Japanese · United States
1000
-99
🇵🇱 Sicilians · Poland
762
-16
🇵🇱 Goths · Poland
610
-14
BOPOH96rus
9:32 Feudal Age
19:02 Wheelbarrow
18:58 Horse Collar
29:20 Castle Age
28:05 Double-Bit Axe
31:43 Forging
31:43 Scale Mail Armor
32:09 Gold Mining
32:13 Stone Mining
38:24 Hand Cart
M1nerUA
12:38 Feudal Age
14:15 Wheelbarrow
13:49 Gold Mining
13:45 Horse Collar
14:29 Man-at-Arms
15:24 Double-Bit Axe
21:24 Castle Age
21:13 Forging
21:05 Scale Mail Armor
22:20 Long Swordsman
23:02 Squires
24:02 Loom
26:09 Stone Mining
26:27 Heavy Plow
26:43 Bow Saw
30:36 Iron Casting
30:18 Chain Mail Armor
31:56 Anarchy
46:29 Hand Cart
46:02 Pikeman
Gross6290
9:40 Feudal Age
14:00 Horse Collar
17:28 Wheelbarrow
25:53 Castle Age
28:01 Pikeman
28:43 Squires
28:08 Crossbowman
29:51 Elite Skirmisher
Aboardable
5:32 Loom
8:10 Feudal Age
8:53 Horse Collar
8:59 Double-Bit Axe
15:35 Wheelbarrow
19:31 Castle Age
18:20 Fletching
18:32 Padded Archer Armor
21:52 Hand Cart
21:37 Bodkin Arrow
21:57 Leather Archer Armor
21:37 Gold Mining
21:38 Stone Mining
22:30 Heavy Plow
24:12 Bow Saw
30:58 Imperial Age
29:17 Gold Shaft Mining
30:20 Ballistics
30:16 Masonry
32:30 Conscription
32:14 Warwolf
34:23 Two-Man Saw
34:00 Elite Longbowman
35:21 Hoardings
37:44 Yeomen
Tu odio me fortalece
0:28 Loom
8:21 Feudal Age
10:03 Double-Bit Axe
11:16 Horse Collar
16:01 Champi Runner
16:27 Arson
17:21 Forging
17:11 Scale Mail Armor
18:04 Scale Mail Armor
18:06 Gold Mining
18:40 Fletching
18:50 Padded Archer Armor
23:25 Castle Age
22:25 Stone Mining
25:47 Wheelbarrow
24:58 Town Watch
26:21 Stone Shaft Mining
26:16 Bow Saw
25:47 Pikeman
28:15 Gold Shaft Mining
28:05 Heavy Plow
28:22 Treadmill Crane
29:47 Ballistics
29:23 Murder Holes
29:24 Champi Warrior
31:04 Hand Cart
30:50 Town Patrol
32:09 Iron Casting
31:49 Chain Mail Armor
31:35 Padded Archer Armor
33:29 Chain Mail Armor
39:22 Imperial Age
37:14 Malon
38:44 Bodkin Arrow
39:04 Leather Archer Armor
41:17 Chemistry
40:28 Masonry
40:04 Arrowslits
40:18 Capped Ram
43:03 Conscription
42:50 Butalmapu
43:21 Hoardings
42:06 Elite Kona
43:05 Elite Bolas Rider
43:46 Elite Kona
46:30 Blast Furnace
46:00 Plate Mail Armor
46:02 Ring Archer Armor
46:55 Caravan
48:16 Crop Rotation
51:00 Bombard Tower
51:11 Architecture
50:47 Siege Engineers
51:09 Halberdier
51:15 Elite Skirmisher
51:22 Elite Champi Warrior
Surgeon Of Death
2:01 Loom
9:40 Feudal Age
16:07 Castle Age
14:49 Wheelbarrow
16:21 Double-Bit Axe
16:20 Horse Collar
16:34 Gold Mining
17:01 Scale Barding Armor
26:04 Husbandry
25:26 Light Cavalry
26:18 Bloodlines
55:02 Imperial Age
54:03 Bow Saw
53:58 Heavy Plow
Connection lost

Rejoining the realm…

Still unreachable

The connection could not be restored.

Session expired

The server has moved on; the page needs a fresh start.